 Dungeon Crawl Stone Soup version 0.28-a0-938-gbc3f381ebc (webtiles) character file.

Game seed: 14656728503967230844

74 ytrimaz the Magician (level 4, -1/32 HPs)
             Began as a Djinni Fire Elementalist on Nov 29, 2021.
             Slain by an orc (2 damage)
             ... on level 3 of the Dungeon.
             The game lasted 00:02:25 (3430 turns).

ytrimaz the Magician (Djinni Fire Elementalist)     Turns: 3430, Time: 00:02:26

Health: -1/32      AC:  2    Str:  7    XL:     4   Next: 52%
Gold:   125        EV: 13    Int: 18    God:
                   SH:  0    Dex: 19

rFire   + + .      SeeInvis .   (no weapon)
rCold   x . .      Faith    .   (no shield)
rNeg    . . .      Spirit   .   a - +0 robe
rPois   ∞          Reflect  .   (no helmet)
rElec   .          Harm     .   (no cloak)
rCorr   .          Rampage  .   (no gloves)
Will    .....                   (boots unavailable)
Stlth   ++........              (no amulet)
HPRegen 0.10/turn               b - +6 ring of dexterity
MPRegen 0.00/turn               (no ring)

@: flying
A: sickness immunity, fire resistance 2, cold vulnerability 1, float, innate
caster, hp casting, extra vitality 1
a: no special abilities


You were on level 3 of the Dungeon.
You visited 1 branch of the dungeon, and saw 3 of its levels.

You collected 125 gold pieces.

Inventory:

Armour
 a - a +0 robe (worn)
Jewellery
 b - a +6 ring of dexterity (left hand)
Scrolls
 c - a scroll of identify {unknown}
 e - a scroll of acquirement {unknown}
 f - a scroll of summoning {unknown}
Potions
 d - a potion of curing {unknown}


   Skills:
 * Level 1.5 Fighting
 + Level 2.6 Dodging
 - Level 1.5 Stealth
 + Level 3.4 Spellcasting


You couldn't memorise any spells.
You knew the following spells:

 Your Spells              Type           Power      Damage    Failure   Level
a - Foxfire               Conj/Fire      60%        2x1d7     3%          1
b - Scorch                Fire           30%        2d7       6%          2
c - Conjure Flame         Conj/Fire      15%        6-21      12%         3
d - Inner Flame           Hex/Fire       15%        N/A       12%         3
e - Flame Wave            Conj/Fire      15%        2d5       36%         4
f - Animate Skeleton      Necr           30%        N/A       3%          1
Your spell library was empty.

Dungeon Overview and Level Annotations

Branches:
Dungeon (3/15)

Altars:
Sif Muna

Shops:
D:2 (


Innate Abilities, Weirdness & Mutations

You are immune to sickness and miasma.
You are immune to poison.
Your flesh is very heat resistant. (rF++)
You are vulnerable to cold. (rC-)
You float through the air rather than walking.
You learn spells naturally, not from books.
Your magical power is your life essence.
You have superior vitality. (+4 HP)


Message History

Confirm with . or Enter, or press ? or * to list all spells.
You conjure some foxfire!
The orc misses you.
Unknown command.
Casting: Foxfire (safe; 4% risk of failure)
Confirm with . or Enter, or press ? or * to list all spells.
Flames lash the orc.
You kill the orc!
The orc is no longer more vulnerable to fire.
The orc closely misses you.
Casting: Scorch (safe; 6% risk of failure)
Confirm with . or Enter, or press ? or * to list all spells.
Flames lash the orc.
You kill the orc!
The orc closely misses you.
Unknown command.
Casting: Scorch (safe; 6% risk of failure)
Confirm with . or Enter, or press ? or * to list all spells.
Flames lash the orc.
The orc is moderately wounded.
The orc's fire resistance burns away.
* * * LOW HITPOINT WARNING * * *
The orc hits you with a +0 hand axe.
* * * LOW HITPOINT WARNING * * *
Casting: Scorch (safe; 6% risk of failure)
Confirm with . or Enter, or press ? or * to list all spells.
Flames lash the hobgoblin.
You kill the hobgoblin!
* * * LOW HITPOINT WARNING * * *
The orc hits you but does no damage.
Unknown command.
Your foxfire dissipates!
The orc is no longer more vulnerable to fire.
Casting: Scorch (safe; 6% risk of failure)
Confirm with . or Enter, or press ? or * to list all spells.
Flames lash the orc.
The orc is heavily wounded.
The orc's fire resistance burns away.
* * * LOW HITPOINT WARNING * * *
The orc hits you with a +0 hand axe.
You die...

# #. ###.### ....... .......
## ....... .
.......#######..#########
......))..o.#...........####
.......####@#...####.#####..
....... #.#.(....#.#.###.#
.....o. #.#...........##..
....o.g #.#..#.#.#....##.#
.......####........#....##.#
.......#.....###...#....####
.......#.##..###.###....#
##.###............#
#........#.#......####


You could see an orc (combustible).

Vanquished Creatures
  A gnoll (D:2)
  4 dart slugs
  4 orcs (D:3)
  4 ball pythons
  6 bats
  4 endoplasms
  2 giant cockroaches
  4 goblins
  6 hobgoblins
  3 jackals (D:2)
  5 kobolds
  5 rats
48 creatures vanquished.

Vanquished Creatures (others)
  132 foxfires
132 creatures vanquished.

Grand Total: 180 creatures vanquished

Notes
Turn   | Place    | Note
-------+----------+-------------------------------------------
     0 | D:1      | ytrimaz the Djinni Fire Elementalist began the quest for
                  | the Orb.
     0 | D:1      | Reached XP level 1. HP: 15/15 MP: 0/0
   416 | D:1      | Reached XP level 2. HP: 17/22 MP: 0/0
  1136 | D:1      | Reached skill level 1 in Fighting
  1206 | D:1      | Reached XP level 3. HP: 25/27 MP: 0/0
  1206 | D:1      | Learned a level 1 spell: Animate Skeleton
  1348 | D:2      | Found a faded altar of an unknown god.
  1369 | D:2      | Reached skill level 3 in Spellcasting
  2183 | D:2      | Found Zapihioz's Weapon Boutique.
  2824 | D:2      | Reached XP level 4. HP: 25/32 MP: 0/0
  3430 | D:3      | Slain by an orc

Illustrated notes

Levels and vault maps discovered:
D:1:      dpeg_arrival_lava_altar, layout_rooms, chequers_serial_rivers_room_b
D:2:      layout_loops_corners, serial_shops, shop,
          ebering_ecumenical_altar_mist, minmay_box_of_dots
D:3:      layout_basic, trog_butcher_becter

Skill      XL: |  1  2  3 |
---------------+----------+-----
Fighting       | 1 |  1.5
Spellcasting   | 3 |  3.4
Dodging        | |  2.6
Stealth        | |  1.5

Action                   |  1- 3 |  4- 6 || total
-------------------------+-------+-------++-------
Melee: Unarmed           |    12 |       ||    12
 Cast: Foxfire           |   101 |     4 ||   105
       Scorch            |     3 |    18 ||    21
Armor: Robe              |    11 |     4 ||    15
Dodge: Dodged            |    39 |     8 ||    47

Table legend: (Time is in decaauts)
 A = Elapsed time spent in this place.
 B = Non-inter-level travel time spent in this place.
 C = Inter-level travel time spent in this place.
 D = Time resting spent in this place.
 E = Time spent auto-exploring this place.
 F = Levels seen in this place.
 G = Mean time per level.
                   A        B        C        D        E       F      G
               +--------+--------+--------+--------+--------+-----+--------+
         Total |   3429 |   3418 |     11 |    671 |   2426 |   3 | 1143.0 |
       Dungeon |   3429 |   3418 |     11 |    671 |   2426 |   3 | 1143.0 |
               +--------+--------+--------+--------+--------+-----+--------+

Top non-repeatable levels by time:
     D:2: 1779 daAuts
     D:1: 1347 daAuts
     D:3: 301 daAuts
